 Dungeon Crawl Stone Soup version 0.30.1-3-gfc49f6343a (webtiles) character file.

Game seed: 8787998506416161490

16328 Babbit the Cleaver (level 12, -4/107 HPs)
             Began as a Minotaur Fighter on Aug 3, 2023.
             Was a High Priest of Okawaru.
             Slain by a ten-headed hydra (5 damage)
             ... on level 1 of the Lair of Beasts on Aug 4, 2023.
             The game lasted 01:03:10 (10268 turns).

Babbit the Cleaver (Minotaur Fighter)              Turns: 10268, Time: 01:03:11

Health: -4/107     AC: 18    Str: 27    XL:     12   Next: 9%
Magic:  15/15      EV: 12    Int:  5    God:    Okawaru [*****.]
Gold:   614        SH:  8    Dex: 12    Spells: 11/11 levels left

rFire   x . .        k - +6 hand axe (elec)
rCold   + . .        c - +0 buckler
rNeg    . . .        M - +5 scale mail of Gozag's Envy {Drain +Blink rPois Slay+2}
rPois   +            (helmet restricted)
rElec   +            y - +0 cloak "Utsialuc" {rElec rPois rF- Str+3}
rCorr   .            v - +0 pair of gloves "Funaun" {rC+}
SInv    .            (no boots)
Will    .....        E - amulet of regeneration
Stlth   +            r - ring of flight
HPRegen 1.17/turn    s - ring of wizardry
MPRegen 0.14/turn

%: wizardry (x1)
@: heroic, flying
A: horns 2, retaliatory headbutt
a: Renounce Religion, Evoke Blink, Heroism, Finesse, Duel


You were on level 1 of the Lair of Beasts.
You worshipped Okawaru.
Okawaru was extremely pleased with you.
You visited 3 branches of the dungeon, and saw 13 of its levels.
You also visited: Ossuary.

You collected 670 gold pieces.
You spent 56 gold pieces at shops.

Inventory:

Hand Weapons
 k - a +6 hand axe of electrocution (weapon)
 w - the +4 trident of Valiance {protect, *Corrode rF++ Will++}
   (You found it on level 5 of the Dungeon)

   rF:        It greatly protects you from fire.
   *Corrode:  It may corrode you when you take damage.
   Will:      It greatly increases your willpower.
Missiles
 b - 4 javelins
 m - a silver boomerang (quivered)
 p - 13 atropa-tipped darts
 t - 2 throwing nets
 H - 4 boomerangs
 K - a silver javelin
Armour
 c - a +0 buckler (worn)
 v - the +0 pair of gloves "Funaun" (worn) {rC+}
   (Okawaru gifted it to you on level 10 of the Dungeon)

   rC:        It protects you from cold.
 y - the +0 cloak "Utsialuc" (worn) {rElec rPois rF- Str+3}
   (You found it on level 6 of the Dungeon)

   Str:       It affects your strength (+3).
   rF:        It makes you vulnerable to fire.
   rElec:     It insulates you from electricity.
   rPois:     It protects you from poison.
 I - the +0 scale mail of Howling Wind {Rampage Fly rElec Will+}
   (You took it off a kobold on level 8 of the Dungeon)

   rElec:     It insulates you from electricity.
   Fly:       It grants you flight.
   Rampage:   It bestows one free step when moving towards enemies.
   Will:      It increases your willpower.
 M - the +5 scale mail of Gozag's Envy (worn) {Drain +Blink rPois Slay+2}
   (You found it on level 10 of the Dungeon)

   Slay:      It affects your accuracy & damage with ranged weapons and melee
   (+2).
   rPois:     It protects you from poison.
   +Blink:    It lets you blink.
   Drain:     It drains your maximum health when unequipped.
 N - the +0 buckler of Lies {-Tele rCorr Stlth+}
   (You found it on level 10 of the Dungeon)

   -Tele:     It prevents most forms of teleportation.
   rCorr:     It protects you from acid and corrosion.
   Stlth:     It makes you more stealthy.
Jewellery
 r - a ring of flight (left hand)
 s - a ring of wizardry (right hand)
 E - an amulet of regeneration (around neck)
Wands
 z - a wand of flame (16)
 F - a wand of polymorph (13)
 J - a wand of iceblast (2)
 L - a wand of paralysis (4)
Scrolls
 a - 2 scrolls of silence
 f - 2 scrolls of enchant armour {unknown}
 g - 5 scrolls of teleportation
 i - 3 scrolls of immolation
 l - a scroll of fog {unknown}
 x - a scroll of fear {unknown}
 A - a scroll of butterflies
 B - a scroll of blinking
 D - 2 scrolls of magic mapping {unknown}
 G - 4 scrolls of identify
Potions
 d - 3 potions of might
 e - 8 potions of curing
 h - 4 potions of lignification
 j - 4 potions of cancellation
 n - 2 potions of attraction
 o - a potion of heal wounds
 q - 4 potions of berserk rage
 u - 2 potions of brilliance
 C - 2 potions of haste
 O - a potion of resistance {unknown}


   Skills:
 + Level 10.5(15.5) Fighting
 * Level 14.0(19.0) Axes
 - Level 5.0(10.0) Throwing
 + Level 10.5(15.5) Armour
 + Level 10.5(15.5) Shields
 + Level 5.6 Invocations


You had 11 spell levels left.
You didn't know any spells.
Your spell library contained the following spells:

 Spells                   Type           Power      Damage    Failure   Level
 Gell's Gravitas          Tloc           0%         N/A       73%         3
 Teleport Other           Tloc           0%         N/A       73%         3
 Alistair's Intoxication  Tmut/Pois      0%         N/A       100%        5
 Borgnjor's Vile Clutch   Necr/Erth      0%         N/A       100%        5
 Dispersal                Tloc           0%         N/A       100%        6
 Eringya's Noxious Bog    Tmut/Pois      0%         N/A       100%        6


Dungeon Overview and Level Annotations

Branches:
Dungeon (10/15)            Temple (1/1) D:4            Lair (2/5) D:8
    Orc (0/2) D:10        Ossuary (visited)
  Swamp: Lair:2-3    Shoals: Lair:2-3     Snake: Lair:2-3    Spider: Lair:2-3

Altars:
Ashenzari
Dithmenos
Elyvilon
Fedhas
Hepliaklqana
Kikubaaqudgha
Makhleb
Nemelex Xobeh
Okawaru
Qazlal
Trog
Uskayaw
Vehumet
Wu Jian
Xom
Yredelemnul
Zin
The Shining One

Shops:
D:7 !


Innate Abilities, Weirdness & Mutations

You have a pair of horns on your head.
You reflexively headbutt those who attack you in melee.


Message History

* * * LOW HITPOINT WARNING * * *
The nine-headed hydra closely misses you.
The nine-headed hydra bites you but does no damage.
The nine-headed hydra barely misses you.
You feel much better. The nine-headed hydra bites you!
The nine-headed hydra completely misses you.
The nine-headed hydra closely misses you.
The nine-headed hydra bites you but does no damage.
You block the nine-headed hydra's attack.
The nine-headed hydra bites you but does no damage.
You block the nine-headed hydra's attack.
The nine-headed hydra bites you but does no damage.
The nine-headed hydra bites you!
* * * LOW HITPOINT WARNING * * *
You chop one of the nine-headed hydra's heads off!
The eight-headed hydra grows two more!
You slice the ten-headed hydra!!
The ten-headed hydra is severely wounded.
You barely miss the ten-headed hydra. You headbutt the ten-headed hydra!
The ten-headed hydra is almost dead.
The ten-headed hydra closely misses you.
The ten-headed hydra barely misses you.
The ten-headed hydra closely misses you.
The ten-headed hydra bites you!
* * * LOW HITPOINT WARNING * * *
The ten-headed hydra bites you but does no damage.
You block the ten-headed hydra's attack.
The ten-headed hydra bites you but does no damage.
The ten-headed hydra bites you!
* * * LOW HITPOINT WARNING * * *
The ten-headed hydra bites you.
* * * LOW HITPOINT WARNING * * *
The ten-headed hydra bites you.
* * * LOW HITPOINT WARNING * * *
You completely miss the ten-headed hydra.
The ten-headed hydra is almost dead.
The ten-headed hydra bites you!
* * * LOW HITPOINT WARNING * * *
The ten-headed hydra bites you but does no damage.
The ten-headed hydra bites you.
You die...

#..# ##.# #...... ## ##.# #..#
##.#### .####.########..# ### #
...##..##...###.#### ######
#:......?....##....#######P##.###
.......#.........................
####..........####.###.#.#..##P.#
#.####...#.##.#..########.##.#
#.# ###...##@............##.. #.#
####>D##.####P###..##.. ## #.#
#######.†##.# #####.#####
.###.###......##...# #..# ##
.....#......#.##.#.# ##.## #.
.##..#.#.#.##...#..# #..P###.
##...#.#.#.#..##.#.# ##......
##..#.#.P.[.####..# #######
##.#....P.### ##.#


You could see a ten-headed hydra.

Vanquished Creatures
  Fannar (D:10)
  A centaur warrior (D:10)
  A two-headed ogre (D:10)
  A manticore (D:10)
  Pikel (D:7)
  4 elephants (Lair:1)
  Maggie (D:9)
  3 cane toads (Lair:1)
  A komodo dragon (Lair:1)
  A kobold demonologist (D:10)
  3 trolls
  Prince Ribbit (D:8)
  3 blink frogs (Lair:1)
  Sigmund (D:4)
  A wyvern (D:10)
  A shadow (D:10)
  A steam dragon (D:9)
  2 basilisks
  2 wraiths (Ossuary)
  The ghost of cdecastro the Cudgeller, an amateur AtWr (D:3)
  11 yaks
  Edmund (D:6)
  An acid dragon (D:10)
  2 water moccasins (Lair:1)
  3 sky beasts (D:8)
  An ice beast (D:6)
  6 orc warriors
  A black bear (D:8)
  2 ogres
  3 centaurs
  7 wolves (Lair:1)
  A lemure (D:7)
  7 kobold brigands
  A phantom (D:5)
  4 bullfrogs
  3 necrophages (D:4)
  5 scorpions (D:6)
  18 wights
  6 killer bees (D:9)
  A howler monkey (D:10)
  2 electric eels (D:10)
  A centaur zombie (D:4)
  2 bullfrog zombies (D:4)
  4 hounds
  A gnoll bouda (D:10)
  7 orc priests
  5 jellies
  A sleepcap (D:7)
  Natasha (thrice) (D:3)
  8 orc wizards
  2 iguanas
  3 scorpion zombies
  Terence (D:2)
  2 hound zombies (D:4)
  11 gnolls
  10 adders
  2 shadow imps
  2 ufetubi
  2 adder zombies (Ossuary)
  2 worms
  3 dart slugs
  51 orcs
  7 endoplasms
  4 giant cockroaches
  3 goblins
  6 hobgoblins
  6 jackals
  3 quokkas
  2 ball pythons
  A ball python skeleton (Ossuary)
  A ball python zombie (D:3)
  5 bats
  3 frilled lizards
  A hobgoblin zombie (Ossuary)
  35 kobolds
  A kobold zombie (Ossuary)
  3 orc skeletons (Ossuary)
  An orc zombie (Ossuary)
  5 rats
327 creatures vanquished.

Notes
Turn   | Place    | Note
-------+----------+-------------------------------------------
     0 | D:1      | Babbit the Minotaur Fighter began the quest for the Orb.
     0 | D:1      | Reached XP level 1. HP: 19/19 MP: 0/0
   325 | D:1      | Reached XP level 2. HP: 27/27 MP: 1/1
   369 | D:1      | Reached skill level 3 in Axes
   722 | D:2      | Reached XP level 3. HP: 33/33 MP: 2/2
   824 | D:2      | Noticed Terence
   835 | D:2      | Killed Terence
   968 | D:2      | Identified the +7 quarterstaff of Famaot {spect, Fragile
                  | rPois Str+4 Dex+3}
  1003 | D:2      | Reached XP level 4. HP: 40/40 MP: 3/3
  1075 | D:2      | Reached skill level 4 in Axes
  1537 | D:3      | Reached XP level 5. HP: 36/47 MP: 4/4
  1586 | D:3      | Found a basalt altar of Yredelemnul.
  1728 | D:3      | Reached skill level 5 in Axes
  1774 | D:3      | Noticed Natasha
  1782 | D:3      | Reached XP level 6. HP: 54/55 MP: 5/5
  1783 | D:3      | Killed Natasha
  1794 | D:3      | Reached skill level 5 in Shields
  1813 | D:3      | Noticed Natasha
  1826 | D:3      | Killed Natasha
  1827 | D:3      | Reached skill level 5 in Fighting
  1827 | D:3      | Reached skill level 5 in Armour
  1845 | D:3      | Noticed Natasha
  1849 | D:3      | Killed Natasha
  2133 | D:3      | Found a runed translucent gate.
  2133 | D:3      | Found a runed translucent gate.
  2133 | D:3      | Found a runed translucent gate.
  2135 | D:3      | Noticed cdecastro's ghost (amateur AtWr)
  2149 | D:3      | Killed cdecastro's ghost
  2192 | D:3      | Reached skill level 6 in Axes
  2197 | D:3      | Reached XP level 7. HP: 58/61 MP: 6/6
  2738 | D:4      | Found a staircase to the Ecumenical Temple.
  2748 | Temple   | Entered the Ecumenical Temple
  2800 | Temple   | Became a worshipper of Warmaster Okawaru
  2895 | D:4      | Found a radiant altar of Vehumet.
  2909 | D:4      | Noticed Sigmund
  2990 | D:4      | Killed Sigmund
  2991 | D:4      | Reached skill level 1 in Throwing
  3400 | D:4      | Found a blossoming altar of Fedhas.
  3579 | D:4      | Reached skill level 7 in Axes
  3595 | D:4      | Reached * piety under Okawaru
  3618 | D:4      | Reached XP level 8. HP: 65/70 MP: 7/7
  3660 | D:5      | Entered Level 5 of the Dungeon
  3956 | D:5      | Identified the +4 trident of Valiance {protect, *Corrode
                  | rF++ Will++}
  4061 | D:5      | Found a burning altar of Makhleb.
  4676 | D:5      | Reached skill level 8 in Axes
  4892 | D:6      | Identified the +0 cloak "Utsialuc" {rElec rPois rF- Str+3}
  5145 | D:6      | Reached ** piety under Okawaru
  5146 | D:6      | Reached skill level 1 in Invocations
  5146 | D:6      | Noticed Edmund
  5155 | D:6      | Killed Edmund
  5156 | D:6      | Reached XP level 9. HP: 50/74 MP: 8/8
  5274 | D:6      | Reached skill level 9 in Axes
  5708 | D:7      | Noticed Pikel
  5720 | D:7      | Killed Pikel
  5720 | D:7      | Reached *** piety under Okawaru
  5752 | D:7      | Found a sand-covered staircase.
  5764 | Ossuary  | Entered an ossuary
  6226 | D:7      | Reached skill level 10 in Axes
  6313 | D:7      | Noticed a troll
  6320 | D:7      | Killed a troll
  6320 | D:7      | Reached **** piety under Okawaru
  6411 | D:7      | Found a glowing silver altar of Zin.
  6475 | D:7      | Found Jesaesk's Distillery.
  6495 | D:7      | Bought a potion of might for 56 gold pieces
  6663 | D:8      | Reached XP level 10. HP: 74/88 MP: 8/11
  6860 | D:8      | Reached skill level 5 in Throwing
  6892 | D:8      | Found a staircase to the Lair.
  6898 | D:8      | Noticed Prince Ribbit
  6923 | D:8      | Killed Prince Ribbit
  6923 | D:8      | Received a gift from Okawaru
  6949 | D:8      | Reached skill level 11 in Axes
  7055 | D:8      | Received a gift from Okawaru
  7067 | D:8      | Identified the +0 scale mail of Howling Wind {Rampage Fly
                  | rElec Will+}
  7656 | D:9      | Noticed Maggie
  7674 | D:9      | Killed Maggie
  7880 | D:9      | Received a gift from Okawaru
  7943 | D:9      | Found a sparkling altar of Nemelex Xobeh.
  7943 | D:9      | Found a faded altar of an unknown god.
  7950 | D:9      | Found a faded altar of an unknown god.
  7952 | D:9      | Found a bloodstained altar of Trog.
  7953 | D:9      | Found a shadowy altar of Dithmenos.
  8058 | D:9      | Found a white marble altar of Elyvilon.
  8133 | D:10     | Entered Level 10 of the Dungeon
  8172 | D:10     | Noticed Fannar
  8197 | D:10     | Killed Fannar
  8198 | D:10     | Reached XP level 11. HP: 72/97 MP: 7/13
  8244 | D:10     | Found a shimmering altar of Xom.
  8281 | D:10     | Identified the +5 scale mail of Gozag's Envy {Drain +Blink
                  | rPois Slay+2}
  8312 | D:10     | Noticed a two-headed ogre
  8326 | D:10     | Killed a two-headed ogre
  8326 | D:10     | Received a gift from Okawaru
  8326 | D:10     | Reached ***** piety under Okawaru
  8327 | D:10     | Reached skill level 12 in Axes
  8339 | D:10     | Reached skill level 5 in Invocations
  8356 | D:10     | Found a staircase to the Orcish Mines.
  8398 | D:10     | Identified the +0 pair of gloves "Funaun" {rC+} (Okawaru
                  | gifted it to you on level 10 of the Dungeon)
  8398 | D:10     | Received a gift from Okawaru
  8549 | D:10     | Noticed a centaur warrior
  8693 | D:10     | Killed a centaur warrior
  8905 | D:10     | Identified the +0 buckler of Lies {-Tele rCorr Stlth+}
  8938 | D:10     | Reached skill level 13 in Axes
  9282 | Lair:1   | Entered Level 1 of the Lair of Beasts
  9313 | Lair:1   | Reached skill level 10 in Armour
  9320 | Lair:1   | Reached skill level 10 in Shields
  9325 | Lair:1   | Reached skill level 10 in Fighting
 10211 | Lair:2   | Noticed a seven-headed hydra
 10223 | Lair:1   | Reached XP level 12. HP: 85/107 MP: 15/15
 10262 | Lair:1   | Reached skill level 14 in Axes
 10268 | Lair:1   | HP: 1/107 [ten-headed hydra (7)]
 10268 | Lair:1   | Slain by a ten-headed hydra

Illustrated notes

Levels and vault maps discovered:
D:1:      elethiomel_arrival_infinity_welcomes_careful_drivers, layout_rooms
D:2:      kennysheep_six_static_rooms, layout_basic, serial_corexii_hall,
          corexii_hall_statues_l, corexii_hall_statues_deadend, uniq_terence,
          uniq_jessica
D:3:      layout_basic, nicolae_yredelemnul_corpse_copse,
          ebering_ghost_rock_garden, uniq_natasha
D:4:      layout_loops_ring, fedhas_altar_decomposition,
          mainiacjoe_overflow_concentric_impassable,
          minmay_temple_entry_overgrown, serial_forest,
          infiniplex_forest_straight_4, infiniplex_forest_lined_room_2,
          infiniplex_forest_clump_medium, infiniplex_forest_clump_small,
          infiniplex_forest_straight_1, infiniplex_forest_clump_small,
          infiniplex_forest_straight_3, minmay_starry_boxes, uniq_sigmund
D:5:      layout_cave_pods, lightli_temple_of_fire,
          hangedman_abyss_or_decor_lesser_grid, chequers_big_river,
          kennysheep_cross_room
D:6:      layout_basic, uniq_edmund
D:7:      layout_basic, zin_treasury, enter_ossuary_1, serial_shops,
          nicolae_shop_window_shopping, minmay_misc_feat_diagonals, uniq_pikel
D:8:      layout_loops_cross, lair_entry_dummy, special_room [special_room_orc],
          uniq_prince_ribbit1
D:9:      layout_basic, lemuel_round_altar, chequers_temple_overflow_minitemple,
          uniq_maggie
D:10:     layout_roguey, lemuel_crystal_altar, david_orc_3, serial_bayou_pond_a,
          nicolae_twisting_strands, serial_bayou_lagoon_a, st_stairs_3,
          minmay_mirror_moons_of_madness, uniq_fannar
Temple:   hc_temple_tempest_star
Lair:1:   layout_loops_ring, st_stairs_7
Lair:2:   layout_regular_city, elwin_shoals_entry_rooms, serial_bayou_shore_a

Skill      XL: |  1  2  3  4  5  6  7  8  9 10 11 12 |
---------------+-------------------------------------+-----
Axes           | 3 4 5 6 7 8 10 11 13 14 | 14.0
Fighting       | 4 5 6 7 9 10 | 10.5
Armour         | 4 5 6 7 9 10 | 10.5
Shields        | 4 5 6 7 8 9 10 | 10.5
Throwing       | 1 3 4 5 |  5.0
Invocations    | 1 3 4 5 |  5.6

Action                     |  1- 3 |  4- 6 |  7- 9 | 10-12 || total
---------------------------+-------+-------+-------+-------++-------
  Melee: War axe           |    41 |       |       |       ||    41
         Headbutt          |    11 |    20 |    58 |    71 ||   160
         Hand axe          |    17 |    93 |   235 |   400 ||   745
  Throw: Dart              |       |       |    22 |    19 ||    41
         Boomerang         |       |       |       |     2 ||     2
 Invoke: Heroism           |       |       |     1 |     4 ||     5
         Finesse           |       |       |       |     2 ||     2
    Use: Scroll            |     1 |     3 |     8 |    10 ||    22
         Potion            |       |       |       |     6 ||     6
   Stab: Invisible         |       |       |     1 |     1 ||     2
 Armour: Scale mail        |    16 |       |       |   108 ||   124
         Chain mail        |     4 |    36 |    91 |    61 ||   192
  Dodge: Dodged            |    22 |    37 |    74 |   135 ||   268
  Block: Buckler           |    10 |    12 |    45 |   106 ||   173
